 Dungeon Crawl Stone Soup version 0.16-a0-253-g996e5b4 (webtiles) character file.

256 PolkaDot the Firebug (level 5, 0/35 HPs)
             Began as a Vampire Fire Elementalist on Aug 23, 2014.
             Slain by a white imp (2 damage)
             ... summoned by Natasha
             ... on Level 4 of the Dungeon.
             The game lasted 00:12:36 (3666 turns).

PolkaDot the Firebug (Vampire Fire Elementalist)    Turns: 3666, Time: 00:12:36

HP   0/35        AC  4     Str  7      XL: 5   Next: 92%
MP   1/9         EV 12     Int 16      God:
Gold 183         SH  0     Dex 14      Spells:  2 memorised,  3 levels left

rFire  + . .     SeeInvis +     g - +3 club
rCold  + . .     Clarity  .     a - +0 robe
rNeg   . . .     rCorr    +     (no shield)
rPois  +         rRot     .     (helmet restricted)
rElec  +         Spirit   .     o - +0 cloak
SustAb .         Warding  .     h - +0 pair of gloves
rMut   .         Stasis   .     (no boots)
Gourm  .                        (no amulet)
MR     .....                    (no ring)
                                (no ring)

@: resistant, very slightly contaminated, regenerating quickly, slowed, very
slow, not resistant to hostile enchantments, unstealthy
A: fangs 3, horns 2, see invisible, dopey 1, unbreathing
a: no special abilities


You were on level 4 of the Dungeon.
You were full.

You visited 1 branch of the dungeon, and saw 4 of its levels.

You collected 183 gold pieces.

Inventory:

Hand weapons
 g - a +3 club (weapon)
Armour
 a - a +0 robe (worn)
 h - a +0 pair of gloves (worn)
 o - a +0 cloak (worn)
Scrolls
 d - a scroll of remove curse
 e - a scroll of fear {unknown}
 i - 2 scrolls of recharging {unknown}
 j - a scroll of amnesia
 l - 2 scrolls of fog
 n - a scroll of immolation {unknown}
Potions
 c - 3 potions of agility
 k - a potion of lignification
Books
 b - a book of Flames

   Spells                             Type                      Level
   *Flame Tongue                      Conjuration/Fire             1
   Throw Flame                        Conjuration/Fire             2
   Conjure Flame                      Conjuration/Fire             3
   Inner Flame                        Hexes/Fire                   3
   *Sticky Flame                      Conjuration/Fire             4
   Fireball                           Conjuration/Fire             5


   Skills:
 - Level 2.1 Dodging
 - Level 3.0 Stealth
 - Level 2.0 Spellcasting
 + Level 3.2 Conjurations
 + Level 4.1 Fire Magic


You had 3 spell levels left.
You knew the following spells:

 Your Spells              Type           Power        Failure   Level  Hunger
a - Flame Tongue          Conj/Fire      ##...        6%          1    #......
s - Sticky Flame          Conj/Fire      ##......     50%         4    #####..


Dungeon Overview and Level Annotations

Branches:
Dungeon (4/15)
 Temple: D:4-7

Altars:
Xom

Annotations:
D:3 exclusions: 4 doors and 2 more exclusions
D:4 Natasha


Innate Abilities, Weirdness & Mutations

Your natural rate of healing is unusually fast.
You have razor-sharp teeth.
You have supernaturally acute eyesight.
You can survive without breathing.
You have a pair of horns on your head.
You are dopey. (Int -2)


Message History

The crimson imp shouts, "Give up, thou rank deathlike surfacer!"
Casting: Flame Tongue
Confirm with . or Enter, or press ? or * to list all spells.
Aiming: Flame Tongue
Press: ? - help, Shift-Dir - straight line, f/p - Natasha
Aim: Natasha The flame tongue hits Natasha.
Natasha is heavily wounded.
* * * LOW MAGIC WARNING * * *
The iron imp disappears in a puff of smoke!
The white imp hits you.
* * * LOW HITPOINT WARNING * * *
The white imp freezes you.
* * * LOW HITPOINT WARNING * * *
Natasha claws you but does no damage.
Drink which item? (? for menu, Esc to quit)
You feel protected. Natasha casts a spell at you.
You feel yourself slow down. The white imp hits you.
You die...

...≈≈≈.....#
...
#...⌠......##
# ..#
#.≈≈.......#
.## #..#
#......# ..##
...##
######.#
..≈##....###
#..#
...#........
##5##
...'.....(...
#5h#
...'..##....
##@##
...'........#
#..#
...#.......#
#.##
..≈#..######
#.# ..##..#
#.# .##...#
#.# ####..##
#.#
#.###..###
##.# .##
#..#.# #..#


You could see Natasha, a crimson imp and a white imp.

Vanquished Creatures
  A goliath beetle (D:4)
  A worker ant (D:4)
  A centaur skeleton (D:4)
  Natasha (D:4)
  Ijyb (D:3)
  An adder (D:2)
  3 gnolls
  A shadow imp (D:4)
  2 worms
  4 giant geckos
  4 oozes
  An orc (D:4)
  5 giant cockroaches
  5 hobgoblins
  A ball python (D:2)
  7 bats
  2 giant newts
  6 goblins
  7 jackals (D:3)
  7 kobolds
  14 rats
  A rat skeleton (D:4)
76 creatures vanquished.

Vanquished Creatures (others)
  4 toadstools (D:1)
4 creatures vanquished.

Grand Total: 80 creatures vanquished

Notes
Turn   | Place    | Note
--------------------------------------------------------------
     0 | D:1      | PolkaDot, the Vampire Fire Elementalist, began the quest for the Orb.
     0 | D:1      | Reached XP level 1. HP: 13/13 MP: 3/3
   128 | D:1      | Reached skill level 1 in Conjurations
   330 | D:1      | Reached XP level 2. HP: 13/19 MP: 1/4
   370 | D:1      | Gained mutation: You are dopey. (Int -2) [potion of mutation]
   370 | D:1      | Gained mutation: You have a pair of small horns on your head. [potion of mutation]
   370 | D:1      | Gained mutation: You have a pair of horns on your head. [potion of mutation]
   682 | D:1      | Reached XP level 3. HP: 24/24 MP: 3/6
  2042 | D:3      | Reached XP level 4. HP: 28/30 MP: 0/7
  2215 | D:3      | Learned a level 4 spell: Sticky Flame
  2860 | D:3      | Noticed Ijyb
  2878 | D:3      | Killed Ijyb
  2956 | D:3      | Reached XP level 5. HP: 33/35 MP: 9/9
  3190 | D:4      | Found a shimmering altar of Xom.
  3360 | D:4      | Noticed Natasha
  3403 | D:4      | Killed Natasha
  3403 | D:4      | Reached skill level 4 in Fire Magic
  3637 | D:4      | Noticed Natasha
  3665 | D:4      | HP: 1/35 [white imp[Natasha] (3)]
  3666 | D:4      | Slain by a white imp

Action                   |  1- 3 |  4- 6 || total
-------------------------+-------+-------++-------
Melee: Unarmed           |    40 |     7 ||    47
       Short sword       |       |    24 ||    24
       Club              |       |    42 ||    42
 Cast: Flame Tongue      |    62 |    51 ||   113
       Sticky Flame      |       |     2 ||     2
  Use: Potion            |     4 |     2 ||     6
       Scroll            |     2 |     6 ||     8
 Stab: Sleeping          |     1 |     3 ||     4
  Eat: Corpse            |    16 |     9 ||    25
